 Dungeon Crawl Stone Soup version 0.30-a0-154-gb106f4c828 (webtiles) character file.

Game seed: 8009743960282699420

60 Ijustatesigmund the Trooper (level 4, 0/30 HPs)
             Began as a Gargoyle Fighter on Sept 27, 2022.
             Killed from afar by Sigmund (3 damage)
             ... with a magic dart
             ... on level 2 of the Dungeon.
             The game lasted 00:02:14 (1214 turns).

Ijustatesigmund the Trooper (Gargoyle Fighter)      Turns: 1214, Time: 00:02:14

Health: 0/30       AC: 15    Str: 21    XL:     4   Next: 6%
Magic:  4/4        EV:  5    Int:  9    God:
Gold:   91         SH:  4    Dex:  9    Spells: 3/3 levels left

rFire   . . .      SeeInvis .    a - +0 flail
rCold   . . .      Faith    .    c - +0 buckler
rNeg    + . .      Spirit   .    j - +0 plate armour
rPois   ∞          Reflect  .    (no helmet)
rElec   +          Harm     .    (no cloak)
rCorr   .          Rampage  .    (no gloves)
Will    .....                    (no boots)
Stlth   ..........               (no amulet)
HPRegen 0.10/turn                (no ring)
MPRegen 0.09/turn                (no ring)

@: mighty, hasted, very quick
A: sickness immunity, AC +3, negative energy resistance 1, electricity
resistance, torment resistance 1, petrification resistance
a: no special abilities


You were on level 2 of the Dungeon.
You visited 1 branch of the dungeon, and saw 2 of its levels.

You collected 91 gold pieces.

Inventory:

Hand Weapons
 a - a +0 flail (weapon)
Armour
 b - a +0 scale mail
 c - a +0 buckler (worn)
 j - a +0 plate armour (worn)
Scrolls
 f - 2 scrolls of blinking
 k - a scroll of torment {unknown}
 l - a scroll of identify {unknown}
 m - a scroll of fear {unknown}
Potions
 i - a potion of brilliance {unknown}


   Skills:
 + Level 4.4 Fighting
 + Level 3.2 Maces & Flails
 - Level 3.2 Armour
 - Level 3.2 Shields


You had 3 spell levels left.
You didn't know any spells.
Your spell library was empty.

Dungeon Overview and Level Annotations

Branches:
Dungeon (2/15)

Altars:

Annotations:
D:2 Sigmund


Innate Abilities, Weirdness & Mutations

You are immune to sickness and miasma.
Your stone body is resilient. (AC +3)
You are immune to poison.
You resist negative energy. (rN+)
You are resistant to electric shocks. (rElec)
You are resistant to unholy torment.
You are immune to petrification.


Message History

You completely miss something.
You hear some strange, mumbled words.
Something tries to affect you, but you resist.
It was a potion of magic.
Magic courses through your body. Something hits you but does no damage.
It was a potion of curing.
You feel better. Something hits you.
You sock something!
You hear some strange, mumbled words.
A magic dart appears from out of thin air!
The magic dart hits you!
You barely miss something. Something hits you but does no damage.
You closely miss something. You block something's attack.
You barely miss something. Something hits you but does no damage.
You closely miss something. You hit something. Something hits you.
* * * LOW HITPOINT WARNING * * *
You closely miss something.
You hear some strange, mumbled words.
You are confused.
You bump into the rock wall.
Something hits you.
* * * LOW HITPOINT WARNING * * *
Something hits you.
* * * LOW HITPOINT WARNING * * *
It was a potion of haste.
You feel yourself speed up. Something hits you but does no damage.
An adder comes into view.
The adder hisses angrily.
You bump into the rock wall.
You feel less confused.
You hear some strange, mumbled words.
Something tries to affect you, but you resist.
The adder bites you but does no damage. The adder bites you but does no damage.
You bludgeon the adder!!
You kill the adder!
You have reached level 4!
You feel clever.
A magic dart appears from out of thin air!
The magic dart hits you.
You die...

........................
###.#[##########..##.##..
......# #..##+##..
###...# #.......? #....#
#######.......# #....#
#.[............
##?...##########..##+##.
†......... #..##.#
......##########@.##.#
...........{†.....##.#
####.?##.#######..##.#
#..............##.#
#..............##.#
#.................#
#..##.###..######.#
#..##.# #..# #.#
#..##....... #.#


There were no monsters in sight!

Vanquished Creatures
  2 adders (D:2)
  2 worms
  2 dart slugs (D:1)
  2 bats
  4 endoplasms
  3 giant cockroaches
  3 hobgoblins (D:2)
  A kobold (D:1)
  7 ball pythons
  3 frilled lizards
  A goblin (D:1)
  4 rats
34 creatures vanquished.

Vanquished Creatures (others)
  4 plants (D:1)
4 creatures vanquished.

Grand Total: 38 creatures vanquished

Notes
Turn   | Place    | Note
-------+----------+-------------------------------------------
     0 | D:1      | Ijustatesigmund the Gargoyle Fighter began the quest for
                  | the Orb.
     0 | D:1      | Reached XP level 1. HP: 14/14 MP: 1/1
   108 | D:1      | Found a faded altar of an unknown god.
   260 | D:1      | Reached XP level 2. HP: 19/19 MP: 2/2
   675 | D:1      | Reached skill level 4 in Fighting
   675 | D:1      | Reached XP level 3. HP: 24/24 MP: 3/3
  1168 | D:2      | Noticed Sigmund
  1193 | D:2      | HP: 1/24 [something (4)]
  1212 | D:2      | Reached XP level 4. HP: 3/30 MP: 4/4
  1214 | D:2      | Killed from afar by Sigmund

Illustrated notes

Levels and vault maps discovered:
D:1:      scummos_arrival_hexagon, layout_basic, shapermc_ecumenical_altar_venn,
          chequers_big_river, nicolae_wormholes
D:2:      layout_basic, basic_altar, uniq_sigmund

Skill      XL: |  1  2  3 |
---------------+----------+-----
Fighting       | 4 |  4.4
Maces & Flails | 3 |  3.2
Armour         | |  3.2
Shields        | |  3.2

Action                   |  1- 3 |  4- 6 || total
-------------------------+-------+-------++-------
Melee: Flail             |   104 |       ||   104
  Use: Scroll            |     3 |       ||     3
       Potion            |     4 |       ||     4
Armor: Scale mail        |    18 |       ||    18
       Plate armour      |    48 |       ||    48
Dodge: Dodged            |    31 |       ||    31
Block: Buckler           |    16 |       ||    16

Table legend: (Time is in decaauts)
 A = Elapsed time spent in this place.
 B = Non-inter-level travel time spent in this place.
 C = Inter-level travel time spent in this place.
 D = Time resting spent in this place.
 E = Time spent auto-exploring this place.
 F = Levels seen in this place.
 G = Mean time per level.
                   A        B        C        D        E       F      G
               +--------+--------+--------+--------+--------+-----+--------+
         Total |   1246 |   1218 |     28 |      0 |    942 |   2 |  623.0 |
       Dungeon |   1246 |   1218 |     28 |      0 |    942 |   2 |  623.0 |
               +--------+--------+--------+--------+--------+-----+--------+

Top non-repeatable levels by time:
     D:1: 884 daAuts
     D:2: 362 daAuts
